 Dungeon Crawl Stone Soup version 0.31-a0-202-g547052bce9 (webtiles) character file.

Game seed: 2161903966297337465

70 senseless the Shooter (level 3, -4/30 HPs)
             Began as a Demigod Hunter on June 26, 2023.
             Slain by Sigmund
             ... wielding a +0 scythe
              (10 damage)
             ... on level 2 of the Dungeon.
             The game lasted 00:01:37 (876 turns).

senseless the Shooter (Demigod Hunter)               Turns: 876, Time: 00:01:39

Health: -4/30      AC:  5    Str: 12    XL:     3   Next: 77%
Magic:  5/5        EV: 13    Int: 11    God:
Gold:   166        SH:  0    Dex: 21    Spells: 2/2 levels left

rFire   . . .        a - +0 shortbow
rCold   . . .        (shield currently unavailable)
rNeg    . . .        c - +0 leather armour
rPois   .            i - +1 helmet
rElec   .            (no cloak)
rCorr   .            (no gloves)
SInv    .            (no boots)
Will    .....        (no amulet)
Stlth   ++           (no ring)
HPRegen 0.25/turn    (no ring)
MPRegen 0.09/turn

%: no passive effects
@: about to teleport
A: high MP 1, forlorn, divine attributes
a: no special abilities


You were on level 2 of the Dungeon.
You visited 1 branch of the dungeon, and saw 2 of its levels.

You collected 166 gold pieces.

Inventory:

Hand Weapons
 a - a +0 shortbow (weapon)
Armour
 c - a +0 leather armour (worn)
 i - a +1 helmet (worn)
Scrolls
 b - a scroll of butterflies
Potions
 f - 2 potions of curing {unknown}
 h - a potion of haste {unknown}


   Skills:
 + Level 2.7 Fighting
 + Level 4.1 Ranged Weapons
 + Level 2.6 Dodging
 - Level 0.8 Stealth


You had 2 spell levels left.
You didn't know any spells.
Your spell library contained the following spells:

 Spells                   Type           Power      Damage    Failure   Level
 Ozocubu's Armour         Ice            0%         N/A       80%         3
 Metabolic Englaciation   Hex/Ice        0%         N/A       100%        5
 Simulacrum               Ice/Necr       0%         N/A       100%        6


Dungeon Overview and Level Annotations

Branches:
Dungeon (2/15)

Shops:
D:2 [

Annotations:
D:2 Natasha, Sigmund


Innate Abilities, Weirdness & Mutations

You have an increased reservoir of magic. (+10% MP)
You shall have no god before yourself.
Your divine heritage dramatically boosts your attributes as you level up.


Message History

You enter the shallow water.
Moving in this stuff is going to be slow.
You see here a quokka corpse.
Found Wiur Tou's Antique Armour Shop.
No target in view!
No target in view!
Found a stone staircase leading down.
There is an entrance to Wiur Tou's Antique Armour Shop here.
Found a leather armour.
Sigmund and Natasha come into view.
You shoot an arrow. The arrow barely misses Natasha.
You shoot an arrow. The arrow hits Natasha.
Natasha is lightly wounded.
Sigmund shouts!
You shoot an arrow. The arrow barely misses Natasha.
Natasha claws you.
Sigmund whispers, "You'll know eternity soon."
There is an entrance to Wiur Tou's Antique Armour Shop here.
Natasha casts a spell at you. The magic dart hits you.
You shoot an arrow.
The arrow hits Natasha but does no damage.
Natasha is lightly wounded.
Natasha claws you!
Sigmund casts a spell.
Sigmund flickers and vanishes!
Deactivating autopickup; reactivate with Ctrl-A.
You shoot an arrow. The arrow closely misses Natasha.
Natasha claws you.
* * * LOW HITPOINT WARNING * * *
You shoot an arrow. The arrow closely misses Natasha.
Natasha misses you.
A giant cockroach comes into view.
As you read the scroll of teleportation, it crumbles to dust.
You feel strangely unstable. Natasha closely misses you.
You shoot an arrow. The arrow hits Natasha!
Natasha is heavily wounded.
Natasha mumbles some strange words.
You feel disoriented. Natasha claws you.
* * * LOW HITPOINT WARNING * * *
Something hits you!
You die...

#....# ..
#.#$........
#.##.##...
.#.........
.†.....)..
..>.......
.......... #
#.........
..........
#.#.........
.<........
#...B#
..........
####.#
.......... #h#
########## #@#
#.# #.# ### #.#
..## #.# #..##
#.# ##..# #.#
##.####
#######.#
#....#.........#


You could see Natasha and a giant cockroach.

Vanquished Creatures
  Natasha (D:2)
  A dart slug (D:1)
  3 ball pythons
  4 bats
  4 endoplasms (D:1)
  2 giant cockroaches
  4 goblins
  3 hobgoblins (D:1)
  8 jackals (D:2)
  2 quokkas
  A frilled lizard (D:1)
  A kobold (D:2)
  4 rats
38 creatures vanquished.

Notes
Turn   | Place    | Note
-------+----------+-------------------------------------------
     0 | D:1      | senseless the Demigod Hunter began the quest for the Orb.
     0 | D:1      | Reached XP level 1. HP: 17/17 MP: 3/3
   152 | D:1      | Reached XP level 2. HP: 24/24 MP: 4/4
   577 | D:2      | Reached XP level 3. HP: 25/30 MP: 5/5
   637 | D:2      | Reached skill level 4 in Ranged Weapons
   644 | D:2      | Noticed Natasha
   648 | D:2      | Killed Natasha
   856 | D:2      | Found Wiur Tou's Antique Armour Shop.
   865 | D:2      | Noticed Sigmund
   865 | D:2      | Noticed Natasha
   876 | D:2      | Slain by Sigmund

Illustrated notes

Levels and vault maps discovered:
D:1:      erik_arrival_triangle_small, layout_rooms, grunt_decor_arrowhead,
          minmay_pentomino_w2
D:2:      layout_basic, serial_shops, shop, chequers_ecumenical_altar_island,
          basic_altar, uniq_natasha, uniq_crazy_yiuf_cottage, uniq_sigmund

Skill      XL: |  1  2  3 |
---------------+----------+-----
Fighting       | 2 |  2.7
Dodging        | 2 |  2.6
Ranged Weapons | 4 |  4.1
Stealth        | |  0.8

Action                     || total
---------------------------++-------
   Fire: Shortbow          ||   100
    Use: Scroll            ||     4
 Armour: Leather armour    ||    11
  Dodge: Dodged            ||    29

Table legend: (Time is in decaauts)
 A = Elapsed time spent in this place.
 B = Non-inter-level travel time spent in this place.
 C = Inter-level travel time spent in this place.
 D = Time resting spent in this place.
 E = Time spent auto-exploring this place.
 F = Levels seen in this place.
 G = Mean time per level.
                   A        B        C        D        E       F      G
               +--------+--------+--------+--------+--------+-----+--------+
         Total |    908 |    869 |     39 |      0 |    679 |   2 |  454.0 |
       Dungeon |    908 |    869 |     39 |      0 |    679 |   2 |  454.0 |
               +--------+--------+--------+--------+--------+-----+--------+

Top non-repeatable levels by time:
     D:1: 526 daAuts
     D:2: 382 daAuts
